 Dungeon Crawl Stone Soup version 0.28-a0-957-g42eb19b844 (webtiles) character file.

Game seed: 8607744598734604167

68 mcbry74 the Slasher (level 4, -2/39 HPs)
             Began as a Hill Orc Fighter on Nov 30, 2021.
             Was an Initiate of Gozag.
             Killed by divine providence
             ... invoked by an orc priest
              (11 damage)
             ... on level 3 of the Dungeon.
             The game lasted 00:04:37 (1995 turns).

mcbry74 the Slasher (Hill Orc Fighter)              Turns: 1995, Time: 00:04:38

Health: -2/39      AC:  7    Str: 20    XL:     4   Next: 19%
Magic:  4/4        EV:  9    Int:  8    God:    Gozag
Gold:   196        SH:  4    Dex: 10    Spells: 3/3 levels left

rFire   . . .      SeeInvis .   a - +0 long sword
rCold   . . .      Faith    .   c - +0 buckler
rNeg    . . .      Spirit   .   b - +0 scale mail
rPois   .          Reflect  .   (no helmet)
rElec   .          Harm     .   (no cloak)
rCorr   .          Rampage  .   (no gloves)
Will    .....                   (no boots)
Stlth   ..........              (no amulet)
HPRegen 0.13/turn               (no ring)
MPRegen 0.09/turn               (no ring)

@: no status effects
A: no striking features
a: Renounce Religion, Convert to Beogh, Potion Petition, Call Merchant, Bribe
Branch


You were on level 3 of the Dungeon.
You worshipped Gozag.
Gozag was aware of your devotion.
You visited 1 branch of the dungeon, and saw 3 of its levels.

You collected 242 gold pieces.
You paid 46 gold pieces to Gozag.

Inventory:

Hand Weapons
 a - a +0 long sword (weapon)
Armour
 b - a +0 scale mail (worn)
 c - a +0 buckler (worn)
Scrolls
 e - a scroll of torment {unknown}
 f - 2 scrolls of teleportation {unknown}
 g - 2 scrolls of noise {unknown}
 j - 2 scrolls of identify {unknown}
 k - a scroll of blinking {unknown}
Potions
 d - a potion of might
 h - 2 potions of curing {unknown}
 i - a potion of degeneration {unknown}
 l - a potion of cancellation {unknown}


   Skills:
 - Level 3.6 Fighting
 * Level 4.1 Long Blades
 + Level 4.0 Armour
 - Level 3.2 Shields


You had 3 spell levels left.
You didn't know any spells.
Your spell library was empty.

Dungeon Overview and Level Annotations

Branches:
Dungeon (3/15)

Altars:
Gozag

Shops:
D:1 [

Annotations:
D:3 Jessica


Message History

You feel sick.
You are no longer poisoned.
You now have 196 gold pieces (gained 5).
Things that are here:
a +0 dagger; 3 poisoned darts An orc and 2 orc priests come into view.
The orc shouts!
The orc priest shouts, "Join the one true god or die!" (press Y on the ability menu to convert to Beogh)
The orc priest shouts! x2; You hear a shout!
The orc priest mumbles some strange prayers to Beogh against you.
Beogh smites you!
The orc priest shouts, "Join the one true god or die!"
The orc priest calls down the wrath of Beogh upon you.
Beogh smites you!
There is an open door here.
As you open the door, it creaks loudly!
A frilled lizard comes into view.
The frilled lizard hisses angrily.
You hear a shout!
Found a ring mail.
Jessica the Apprentice Sorceress comes into view.
She is wielding a +0 dagger and wearing a +1 robe of cold resistance.
Jessica shouts!
You block the frilled lizard's attack.
There is an open door here.
The frilled lizard unfolds its giant frill.
The frilled lizard barely misses you.
The frilled lizard bites you but does no damage.
Jessica gestures at you while chanting. You resist with some effort.
You slash Jessica!
Jessica is almost dead.
Jessica hits you with a +0 dagger. You block the frilled lizard's attack.
Jessica gestures at you while chanting. Pain shoots through your body!
* * * LOW HITPOINT WARNING * * *
The orc priest miscasts a cantrip.
The orc priest calls down the wrath of Beogh upon you.
Beogh smites you!
You die...
Your body crumbles into a pile of gold.

...########.#...####.........#
...# #.##.## ##...o...## ####
#.#### ##..o..## # #.# ##...##
# #.# ##'## . # #.# #..##.# #
#.# ###.[...# ########.oo.#..#
#.@.l@.o....#....#
#.######.#..# ##.# ...
#.#....# # #### #.#......
#...#..... #.####.### #.. .#
###


You could see an orc priest, Jessica, an orc and a frilled lizard.

Vanquished Creatures
  3 adders
  A worm (D:3)
  An orc (D:3)
  6 ball pythons
  3 endoplasms
  2 hobgoblins
  3 quokkas
  5 bats
  A frilled lizard (D:1)
  4 goblins (D:1)
  5 kobolds
  2 rats (D:1)
36 creatures vanquished.

Notes
Turn   | Place    | Note
-------+----------+-------------------------------------------
     0 | D:1      | mcbry74 the Hill Orc Fighter began the quest for the Orb.
     0 | D:1      | Reached XP level 1. HP: 19/19 MP: 1/1
   348 | D:1      | Reached XP level 2. HP: 26/26 MP: 2/2
   803 | D:1      | Found Suphyi's Antique Armour Emporium.
  1013 | D:2      | Reached XP level 3. HP: 31/31 MP: 3/3
  1098 | D:3      | Found an opulent altar of Gozag.
  1114 | D:3      | Became a worshipper of Gozag Ym Sagoz the Greedy
  1688 | D:3      | Reached XP level 4. HP: 39/39 MP: 4/4
  1984 | D:3      | Noticed Jessica
  1995 | D:3      | Killed from afar by an orc priest

Illustrated notes

Levels and vault maps discovered:
D:1:      lemuel_arrival_lava_pool, layout_basic, serial_shops, shop
D:2:      layout_rooms, grunt_decor_cap
D:3:      cheibrodos_old_hovel, layout_loops_corners, grunt_gozag_breadcrumbs,
          gammafunk_temple_overflow_elements, minmay_misc_feat_columns,
          uniq_jessica

Skill      XL: |  1  2  3 |
---------------+----------+-----
Long Blades    | 3 4 |  4.1
Armour         | 4 |  4.0
Fighting       | |  3.6
Shields        | |  3.2

Action                   |  1- 3 |  4- 6 || total
-------------------------+-------+-------++-------
Melee: Long sword        |   105 |     5 ||   110
Armor: Scale mail        |    57 |     1 ||    58
Dodge: Dodged            |    54 |     4 ||    58
Block: Buckler           |    28 |     2 ||    30

Table legend: (Time is in decaauts)
 A = Elapsed time spent in this place.
 B = Non-inter-level travel time spent in this place.
 C = Inter-level travel time spent in this place.
 D = Time resting spent in this place.
 E = Time spent auto-exploring this place.
 F = Levels seen in this place.
 G = Mean time per level.
                   A        B        C        D        E       F      G
               +--------+--------+--------+--------+--------+-----+--------+
         Total |   2025 |   1944 |     81 |      0 |   1499 |   3 |  675.0 |
       Dungeon |   2025 |   1944 |     81 |      0 |   1499 |   3 |  675.0 |
               +--------+--------+--------+--------+--------+-----+--------+

Top non-repeatable levels by time:
     D:1: 979 daAuts
     D:2: 558 daAuts
     D:3: 486 daAuts
